AoeStats
← Mogler

Arabia

509848724Analyzed
1v1 RM · 4d ago on Sep 28, 2026· 37m 40s· 2 players
Game mode
Random Map
Map size
Tiny (2 player)
Population
200
Speed
Normal
Resources
Standard
Victory
Conquest
Starting age
Dark Age
Ending age
Imperial Age
RankedLock teamsTeams togetherTeam positionsShared explorationLock speedFull tech treeHidden civsTurbo modeCheats
Victory
Defeat
🇩🇪 Vikings · Germany
1243
+15
🇪🇸 Vietnamese · Spain
1223
-15
Fuentelsaz
9:59 Loom
11:44 Feudal Age
13:11 Double-Bit Axe
16:03 Castle Age
14:18 Horse Collar
19:24 Bow Saw
21:41 Heavy Plow
21:54 Pikeman
22:34 Fletching
27:05 Stone Mining
29:02 Forging
30:36 Wheelbarrow
29:47 Town Watch
31:37 Bodkin Arrow
31:48 Gold Mining
32:12 Padded Archer Armor
32:09 Crossbowman
35:22 Leather Archer Armor
38:36 Imperial Age
Mogler
6:36 Loom
9:28 Feudal Age
9:57 Double-Bit Axe
12:56 Fletching
19:28 Castle Age
18:17 Gold Mining
18:33 Horse Collar
19:32 Scale Barding Armor
22:05 Chain Barding Armor
26:09 Town Watch
30:13 Imperial Age
28:09 Scale Mail Armor
29:06 Chain Mail Armor
30:07 Forging
31:30 Plate Mail Armor
31:12 Elite Skirmisher
31:35 Light Cavalry
32:16 Bodkin Arrow
36:08 Chemistry
35:29 Ballistics
37:36 Bracer
38:04 Padded Archer Armor
38:39 Iron Casting
Connection lost

Rejoining the realm…

Still unreachable

The connection could not be restored.

Session expired

The server has moved on; the page needs a fresh start.